 Dungeon Crawl Stone Soup version 0.31.0-11-ge490571c62 (webtiles) character file.

Game seed: 798296692831359291

10 browni3141 the Trooper (level 2, 0/27 HPs)
             Began as a Minotaur Fighter on Jan 27, 2024.
             Slain by an orc
             ... wielding a +0 trident of flaming
              (1 damage)
             ... on level 3 of the Dungeon.
             The game lasted 00:00:18 (264 turns).

browni3141 the Trooper (Minotaur Fighter)            Turns: 264, Time: 00:00:19

Health: 0/27       AC:  6    Str: 20    XL:     2   Next: 10%
Magic:  1/1        EV:  9    Int:  5    God:
Gold:   56         SH:  0    Dex:  9    Spells: 1/1 levels left

rFire   . . .        a - +0 war axe
rCold   . . .        c - +0 buckler
rNeg    . . .        b - +0 scale mail
rPois   .            (helmet restricted)
rElec   .            (no cloak)
rCorr   .            (no gloves)
SInv    .            (no boots)
Will    .....        (no amulet) Stlth
                     (no ring)
HPRegen 0.24/turn    (no ring)
MPRegen 0.07/turn

%: no passive effects
@: confused, mighty
A: horns 2, retaliatory headbutt
a: no special abilities


You were on level 3 of the Dungeon.
You visited 1 branch of the dungeon, and saw 3 of its levels.

You collected 56 gold pieces.

Inventory:

Hand Weapons
 a - a +0 war axe (weapon)
Armour
 b - a +0 scale mail (worn)
 c - a +0 buckler (worn)
Scrolls
 e - a scroll of brand weapon {unknown}
 f - a scroll of enchant armour {unknown}


   Skills:
 + Level 3.9 Fighting
 * Level 3.1 Axes
 - Level 3.6 Armour
 - Level 3.6 Shields


You had one spell level left.
You didn't know any spells.
Your spell library contained the following spells:

 Spells                   Type           Power      Damage    Failure   Level
 Sting                    Conj/Alch      0%         1d3       88%         1
 Mercury Vapours          Alch/Air       0%         N/A       95%         2
 Dazzling Flash           Conj/Hex       0%         N/A       99%         3
 Mephitic Cloud           Conj/Alch/Air  0%         N/A       99%         3
 Olgreb's Toxic Radiance  Alch           0%         N/A       100%        4
 Curse of Agony           Necr           0%         N/A       100%        5
 Silence                  Hex/Air        0%         N/A       100%        5


Dungeon Overview and Level Annotations

Branches:
Dungeon (3/15)

Altars:


Innate Abilities, Weirdness & Mutations

You have a pair of horns on your head.
You reflexively headbutt those who attack you in melee.


Message History

The ribbon worm expels a string of sticky webbing.
The stream of webbing hits you but does no damage.
You are caught in a web!
There is a web here.
The web tears apart.
You barely miss the ribbon worm. You headbutt the ribbon worm!
The ribbon worm is heavily wounded.
You block the ribbon worm's attack.
You hit the ribbon worm but do no damage.
The ribbon worm is heavily wounded.
The ribbon worm bites you. The ribbon worm closely misses you.
You barely miss the ribbon worm.
The ribbon worm is moderately wounded.
The ribbon worm bites you.
You slash the ribbon worm!
You kill the ribbon worm!
You see here a ribbon worm corpse.
No target in view!
You pick up a book of the Senses and begin reading...
You add the spells Dazzling Flash, Mephitic Cloud, Curse of Agony and Silence to your library.
You see here a ribbon worm corpse.
HP restored.
A goblin comes into view. It is wielding a +1 dagger of venom.
The goblin shouts!
You can't go down here!
The goblin closely misses you.
You closely miss the goblin. You block the goblin's attack.
The goblin closely misses you.
You hit the goblin but do no damage. You headbutt the goblin.
You kill the goblin!
No target in view!
No target in view!
There is a stone staircase leading down here.
You climb downwards.
There is a stone staircase leading up here.
Found an escape hatch in the floor.
f - a scroll labelled YZIENOSMA A goblin and an endoplasm come into view.
The goblin shouts!
The endoplasm quivers.
You hear a shout! x2
A bombardier beetle comes into view.
There are monsters nearby!
An orc comes into view. It is wielding a +0 club.
The orc shouts!
An orc comes into view. It is wielding a +0 whip.
The orc shouts!
An orc comes into view. It is wielding a +0 trident of flaming.
An orc wizard comes into view. It is wielding a +0 dagger.
The endoplasm hits you but does no damage.
You barely miss the endoplasm.
The orc wizard gestures wildly while chanting.
The orc wizard flickers and vanishes!
Deactivating autopickup; reactivate with Ctrl-A.
The endoplasm barely misses you. You furiously retaliate!
You headbutt the endoplasm!
You kill the endoplasm!
Your Axes skill increases to level 3!
Found a stone staircase leading up.
The goblin hits you but does no damage.
You closely miss the goblin.
The bombardier beetle sprays incendiary fluid at you.
The burning spray hits you.
You are covered in liquid fire!
The goblin hits you with a +0 club.
You completely miss the goblin. You closely miss the orc.
The liquid fire burns you! You block the orc's attack. The goblin misses you.
A hobgoblin comes into view.
The goblin hits you with a +0 club. The orc barely misses you.
You furiously retaliate!
You headbutt the orc!
You kill the orc!
You have reached level 2!
You shake off some of the fire as you move.
The liquid fire burns you! The goblin closely misses you.
You furiously retaliate!
You headbutt the goblin.
You kill the goblin!
You block the orc's attack.
You shake off the liquid fire.
The orc hits you but does no damage.
You hear some strange, mumbled words.
You are confused.
You feel very mighty all of a sudden. The orc barely misses you.
You are too confused!
You are too confused!
You hear some strange, mumbled words.
Something tries to affect you, but you resist.
The orc completely misses you. The orc attacks as it pursues you!
The orc barely misses you.
The bombardier beetle bites you but does no damage.
You hear some strange, mumbled words.
Something tries to affect you, but you resist.
The orc barely misses you. The orc hits you with a +0 whip.
You hear some strange, mumbled words.
Something tries to affect you, but you resist.
The orc complains to no one in particular.
The orc hits you from afar with a +0 trident of flaming.
The orc burns you.
You die...

.....#####<.. .
............ ...
...........
..#.....####..........
.....................
.........>..g........
.............o)......
#...........oB.......
#####.#
#.......@........
...<#.#
#.......#########
......# #.......#
#####.###.......#
................#
...##.#######...# ..
...# ##### ##.##.# #
#.#


You could see a bombardier beetle, 2 orcs and a hobgoblin.

Vanquished Creatures
  A ribbon worm (D:2)
  An orc (D:3)
  An endoplasm (D:3)
  A ball python (D:1)
  2 goblins
  A rat (D:1)
7 creatures vanquished.

Notes
Turn   | Place    | Note
-------+----------+-------------------------------------------
     0 | D:1      | browni3141 the Minotaur Fighter began the quest for the
                  | Orb.
     0 | D:1      | Reached XP level 1. HP: 19/19 MP: 0/0
   251 | D:3      | Noticed a bombardier beetle
   253 | D:3      | Noticed an orc wizard
   258 | D:3      | Reached XP level 2. HP: 9/27 MP: 1/1
   264 | D:3      | HP: 1/27 [orc/+0 trident of flaming (4)]
   264 | D:3      | Slain by an orc

Illustrated notes

Levels and vault maps discovered:
D:1:      dpeg_arrival_three_same_balls, layout_basic
D:2:      layout_basic, serial_forest, infiniplex_forest_end_2,
          infiniplex_forest_clump_tiny, infiniplex_forest_clump_tiny,
          infiniplex_forest_straight_5, basic_altar, serial_bayou_pond_e,
          uniq_jessica
D:3:      layout_basic, minmay_vboxes

Skill      XL: |  1 |
---------------+----+-----
Axes           | 3 |  3.1
Fighting       | |  3.9
Armour         | |  3.6
Shields        | |  3.6

Action                     || total
---------------------------++-------
  Melee: War axe           ||    11
         Headbutt          ||     2
    Use: Potion            ||     1
 Armour: Scale mail        ||    10
  Dodge: Dodged            ||    15
  Block: Buckler           ||     5
